 Dungeon Crawl Stone Soup version coffee-0.2.0 (webtiles) character file.

Game seed: 10440012258754316860, levelgen mode: deterministic

305324 Dorkslayer the Cleaver (level 14, 88/88 HPs)
             Began as a Gargoyle Fighter on Sept 4, 2020.
             Was the Champion of the Shining One.
             Escaped with the Orb!
             The game lasted 00:41:56 (8117 turns).

Dorkslayer the Cleaver (Gargoyle Fighter)           Turns: 8117, Time: 00:41:57

Health: 88/88      AC: 32    Str: 26    XL:     14   Next: 59%
Magic:  19/19      EV: 21    Int: 12    God:    the Shining One [******]
Gold:   487        SH: 14    Dex: 14    Spells: 13/13 levels left

rFire    + . .     SeeInvis .   a - +12 broad axe of Wrath {vorpal, +Rage +Fly Str-2 Dex+4}
rCold    . . .     Gourm    .   c - +0 kite shield
rNeg     + + +     Faith    .   p - +0 plate armour
rPois    ∞         Spirit   +   v - +1 helmet of Laeroyd {Str+4 Int+3}
rElec    +         Reflect  .   J - +2 cloak
rCorr    .         Harm     .   (no gloves)
MR       ++...     Rnd*Rage +   (no boots)
Stlth    +.........             t - amulet of guardian spirit
HPRegen  0.24/turn              r - ring of protection from fire
MPRegen  0.16/turn              D - ring of Phasing {EV+8}

@: glowing
A: big wings, berserk 1, low mp 1, magic resistance 1, negative energy
resistance 1, electricity resistance, unbreathing, petrification resistance, rot
immunity, AC +10
0: Orb of Zot
a: Fly, Divine Shield, Cleansing Flame, Summon Divine Warrior, Brand Weapon With
Holy Wrath, Renounce Religion, Evoke Berserk Rage, Evoke Flight


You were in the Realm of Zot.
You worshipped the Shining One.
The Shining One was exalted by your worship.
You were not hungry.

You visited 3 branches of the dungeon, and saw 12 of its levels.

You collected 487 gold pieces.

Inventory:

Hand Weapons
 a - the +12 broad axe of Wrath (weapon) {vorpal, +Rage +Fly Str-2 Dex+4}
   (You acquired it on level 7 of the Dungeon)

   It inflicts extra damage upon your enemies.
   It affects your strength (-2).
   It affects your dexterity (+4).
   It lets you fly.
   It lets you go berserk.
 E - a +7 war axe of flaming
Missiles
 e - 2 throwing nets (quivered)
 h - 8 silver boomerangs
 C - 6 javelins
Armour
 c - a +0 kite shield (worn)
 p - a +0 plate armour (worn)
 v - the +1 helmet of Laeroyd (worn) {Str+4 Int+3}
   (You acquired it on level 3 of the Dungeon)

   It affects your strength (+4).
   It affects your intelligence (+3).
 J - a +2 cloak (worn)
Jewellery
 r - a ring of protection from fire (left hand)
 t - an amulet of guardian spirit (around neck)
 D - the ring of Phasing (right hand) {EV+8}
   (You found it on level 10 of the Dungeon)

   [ring of evasion]

   It affects your evasion (+8).
Wands
 w - a wand of iceblast (6)
Scrolls
 g - 2 scrolls of amnesia
 m - 3 scrolls of fear
 n - 5 scrolls of remove curse
 o - 2 scrolls of fog
 q - 2 scrolls of enchant armour
 s - a scroll of holy word
 u - 9 scrolls of teleportation
 y - 4 scrolls of summoning
Potions
 b - a potion of heal wounds
 d - a potion of might
 i - 2 potions of stabbing
 j - 5 potions of curing
 k - 2 potions of ambrosia
 l - a potion of mutation
 B - a potion of brilliance
 H - a potion of magic
Comestibles
 f - 21 rations


   Skills:
 * Level 10.5(14.0) Fighting
 + Level 12.6 Axes
 + Level 3.5 Throwing
 * Level 8.9(13.4) Armour
 * Level 5.8(10.4) Dodging
 - Level 0.1(12.8) Stealth
 * Level 10.7(14.1) Shields
 * Level 9.6(11.4) Invocations
 * Level 8.4(9.9) Evocations


You had 13 spell levels left.
You didn't know any spells.
Your spell library contained the following spells:

 Spells                   Type           Power        Failure   Level  Hunger
 Corona                   Hex            #......      69%         1    None
 Ensorcelled Hibernation  Hex/Ice        #.....       83%         2    None
 Confusing Touch          Hex            #.......     96%         3    ##.....
 Dazzling Flash           Conj/Hex       #.....       96%         3    ##.....
 Tukima's Dance           Hex            #.......     96%         3    ##.....


Dungeon Overview and Level Annotations

Branches:
Dungeon (10/10)            Temple (1/1) D:2             Zot (1/1) D:10

Altars:
Ashenzari
Cheibriados
Dithmenos
Elyvilon
Fedhas
Gozag
Hepliaklqana
Kikubaaqudgha
Makhleb
Nemelex Xobeh
Okawaru
Qazlal
Ru
Sif Muna
Trog
Uskayaw
Vehumet
Wu Jian
Xom
Yredelemnul
Zin
The Shining One

Shops:
D:1 (   D:5 *


Innate Abilities, Weirdness & Mutations

You are resistant to torment.
Your stone body is resilient. (AC +10)
You are immune to poison.
Your large and strong wings let you fly indefinitely.
You resist negative energy. (rN+)
You are resistant to electric shocks. (rElec)
You can survive without breathing.
You are immune to petrification.
You are immune to rotting.
You tend to lose your temper in combat.
Your magical capacity is low. (-10% MP)
You are resistant to hostile enchantments. (MR+)


Message History

f - 21 rations (gained 1)
Found a +0 hand axe.
Found 3 javelins.
Found a +2 short sword of protection.
You see here a +0 hand axe.
C - 6 javelins (gained 3)
There are no items here.
Found the Orb of Zot.
You feel yourself speed up.
You see here the Orb of Zot.
You pick up the Orb of Zot!
The Orb lets out a hideous shriek!
Now all you have to do is get back out of Zot!
Things that are here:
a +0 glaive; a cursed -3 trident; a +0 battleaxe
Items here: )))) [[ You see here a +1 battleaxe of pain.
Your extra speed is starting to run out.
You feel yourself slow down.
There is a gate leading back out of this place here.
You have escaped!

#### ##### ...# ########
##...#### ...# ######......#
##.......## ...#
#...........###...⌠...⌠.## ...#
#...........##............ ...#
#...............⌠...⌠...⌠. ...#
#..................)......
#.#######.##...#########.⌠...⌠...
#.##...#........@................
.................................
#.##.............................
....#...#.###.....##...#.........
....#...#.# ##....######......⌠..
....#####.# #...## ##########
#⌠### #.# ##### #...# #.#
########### #...# #.# #........#.


There were no monsters in sight!

Vanquished Creatures
  A curse toe (Zot)
  Gastronok (D:8)
  4 orbs of fire (Zot)
  A golden dragon (D:10)
  2 two-headed ogres
  5 death cobs (Zot)
  6 tentacled monstrosities (Zot)
  2 Killer Klowns (Zot)
  2 draconian monks
  25 Orb Guardians (Zot)
  7 ancient liches (Zot)
  A draconian scorcher (Zot)
  3 draconian knights
  A draconian shifter (Zot)
  A hydra (D:10)
  2 bone dragons (D:10)
  A cyclops (D:9)
  2 electric golems (Zot)
  A fire dragon (D:10)
  Maggie (D:9)
  A green draconian (Zot)
  3 yellow draconians
  2 gargoyles (D:10)
  2 red draconians (D:10)
  4 purple draconians (Zot)
  5 white draconians (Zot)
  The ghost of Nullo the Caller, a novice HuSu of Sif Muna (D:5)
  2 kobold demonologists (D:8)
  A troll (D:9)
  Grinder (D:6)
  10 moths of wrath (Zot)
  Prince Ribbit (D:7)
  A hippogriff (D:8)
  A spriggan (D:10)
  A hungry ghost (D:10)
  Menkaure (D:6)
  A water moccasin (D:9)
  Duvessa (D:6)
  3 orc warriors
  2 ice beasts
  2 sky beasts
  A black bear (D:6)
  4 necrophages
  A phantom (D:5)
  3 ogres
  5 centaurs
  5 big kobolds
  8 bullfrogs
  Blork the orc (D:5)
  Dowan (D:6)
  A wyvern zombie (D:6)
  A water moccasin skeleton (D:8)
  2 scorpions
  5 howler monkeys
  12 wights
  2 crimson imps
  2 centaur zombies (D:7)
  A centaur skeleton (D:8)
  3 jellies
  2 bullfrog skeletons (D:7)
  3 bullfrog zombies
  3 hounds
  2 orc priests
  3 iguanas
  5 orc wizards
  8 worker ants
  A hound zombie (D:6)
  A hound skeleton (D:5)
  10 gnolls
  A howler monkey skeleton (D:7)
  7 adders
  3 shadow imps
  An ooze (D:2)
  3 worms
  4 dart slugs
  2 leopard geckos
  26 orcs
  A ball python (D:1)
  8 bats
  4 giant cockroaches
  11 goblins
  6 hobgoblins
  7 jackals
  3 quokkas
  3 frilled lizards
  44 kobolds
  9 kobold skeletons (D:8)
  9 kobold zombies (D:8)
  10 rats
373 creatures vanquished.

Vanquished Creatures (others)
  A quokka (D:2)
1 creature vanquished.

Grand Total: 374 creatures vanquished

Notes
Turn   | Place    | Note
-------+----------+-------------------------------------------
     0 | D:1      | Dorkslayer the Gargoyle Fighter began the quest for the
                  | Orb.
     0 | D:1      | Reached XP level 1. HP: 14/14 MP: 1/1
    81 | D:1      | Reached XP level 2. HP: 15/19 MP: 2/2
   384 | D:1      | Reached XP level 3. HP: 20/23 MP: 3/3
   406 | D:1      | Reached skill level 2 in Axes
   491 | D:1      | Found Amimone's Antique Weapon Shoppe.
   676 | D:1      | Got the ring "Xoeghyr" {Fire MP-9 Dex+5}
   763 | D:2      | Found a staircase to the Ecumenical Temple.
   778 | Temple   | Entered the Ecumenical Temple
   888 | Temple   | Became a worshipper of the Shining One
   942 | D:2      | Reached skill level 1 in Throwing
   942 | D:2      | Reached XP level 4. HP: 28/28 MP: 4/4
  1141 | D:2      | Found a white marble altar of Elyvilon.
  1286 | D:2      | Reached XP level 5. HP: 32/32 MP: 5/5
  1528 | D:2      | Reached skill level 3 in Axes
  1544 | D:2      | Reached skill level 1 in Dodging
  1809 | D:3      | Identified the amulet of Diprysm {Gourm rPois rF+ Stlth+}
                  | (You acquired it on level 3 of the Dungeon)
  1809 | D:3      | Identified the +1 helmet of Laeroyd {Str+4 Int+3} (You
                  | acquired it on level 3 of the Dungeon)
  1834 | D:3      | Noticed an ogre
  1839 | D:3      | Killed an ogre
  1839 | D:3      | Reached XP level 6. HP: 21/37 MP: 3/6
  1853 | D:3      | Reached skill level 4 in Axes
  2282 | D:4      | Found a shimmering blue altar of Sif Muna.
  2753 | D:5      | Entered Level 5 of the Dungeon
  2791 | D:5      | Noticed a sky beast
  2799 | D:5      | Reached XP level 7. HP: 40/43 MP: 5/7
  2821 | D:5      | Found Hedemipa's Assorted Antiques.
  2828 | D:5      | Reached * piety under the Shining One
  2839 | D:5      | Reached skill level 1 in Invocations
  2839 | D:5      | Reached skill level 1 in Evocations
  2881 | D:5      | Noticed Blork the orc
  2888 | D:5      | Killed Blork the orc
  2917 | D:5      | Reached skill level 5 in Axes
  2931 | D:5      | Noticed Nullo's ghost (novice HuSu)
  2933 | D:5      | Found a transporter.
  2934 | D:5      | Found a transporter.
  3008 | D:5      | Reached skill level 5 in Shields
  3008 | D:5      | Reached XP level 8. HP: 48/48 MP: 9/9
  3503 | D:5      | Found an opulent altar of Gozag.
  3694 | D:5      | Killed Nullo's ghost
  3694 | D:5      | Reached skill level 6 in Axes
  3783 | D:6      | Reached XP level 9. HP: 36/52 MP: 7/11
  3864 | D:6      | Noticed Duvessa
  3865 | D:6      | Noticed Dowan
  3874 | D:6      | Killed Duvessa
  3892 | D:6      | Killed Dowan
  3958 | D:6      | Reached skill level 7 in Axes
  4044 | D:6      | Reached skill level 5 in Fighting
  4048 | D:6      | Noticed Menkaure
  4051 | D:6      | Killed Menkaure
  4051 | D:6      | Reached ** piety under the Shining One
  4105 | D:6      | You fall into a shaft and drop 2 floors!
  4140 | D:6      | Noticed Grinder
  4153 | D:6      | Killed Grinder
  4240 | D:6      | Reached skill level 5 in Armour
  4509 | D:7      | Reached skill level 5 in Invocations
  4509 | D:7      | Reached XP level 10. HP: 59/59 MP: 13/13
  4555 | D:7      | Reached *** piety under the Shining One
  4562 | D:7      | Reached skill level 8 in Axes
  4597 | D:7      | Identified the ring "Fysajypp" {+Blink +Fly rF- MR+ Str+2}
                  | (You acquired it on level 7 of the Dungeon)
  4597 | D:7      | Identified the +12 broad axe of Wrath {vorpal, +Rage +Fly
                  | Str-2 Dex+4} (You acquired it on level 7 of the Dungeon)
  4639 | D:7      | Noticed Prince Ribbit
  4642 | D:7      | Killed Prince Ribbit
  4865 | D:8      | Noticed Gastronok
  4883 | D:8      | Killed Gastronok
  4883 | D:8      | Reached skill level 9 in Axes
  4883 | D:8      | Reached skill level 5 in Evocations
  4885 | D:8      | Noticed a kobold demonologist
  4891 | D:8      | Killed a kobold demonologist
  5084 | D:8      | Found a burning altar of Makhleb.
  5183 | D:8      | Reached XP level 11. HP: 66/66 MP: 15/15
  5198 | D:8      | Found an ancient bone altar of Kikubaaqudgha.
  5199 | D:8      | Reached **** piety under the Shining One
  5210 | D:8      | Noticed a soul eater
  5215 | D:8      | Noticed a soul eater
  5659 | D:9      | Noticed Maggie
  5668 | D:9      | Killed Maggie
  5701 | D:9      | Noticed a cyclops
  5709 | D:9      | Killed a cyclops
  5809 | D:9      | Found a hazy altar of Hepliaklqana.
  5852 | D:9      | Reached skill level 10 in Axes
  5879 | D:9      | Noticed a two-headed ogre
  5883 | D:9      | Killed a two-headed ogre
  6000 | D:10     | Entered Level 10 of the Dungeon
  6002 | D:10     | Reached ***** piety under the Shining One
  6223 | D:10     | Noticed a golden dragon
  6231 | D:10     | Killed a golden dragon
  6255 | D:10     | Noticed a red draconian monk
  6263 | D:10     | Killed a red draconian monk
  6265 | D:10     | Reached XP level 12. HP: 44/73 MP: 9/17
  6343 | D:10     | Noticed a two-headed ogre
  6347 | D:10     | Killed a two-headed ogre
  6450 | D:10     | Found a gate to the Realm of Zot.
  6510 | D:10     | Found the ring of Phasing {EV+8}
  6693 | Zot      | Entered the Realm of Zot
  6701 | Zot      | Noticed a death cob
  6703 | Zot      | Killed a death cob
  6751 | Zot      | Noticed a tentacled monstrosity
  6757 | Zot      | Killed a tentacled monstrosity
  6856 | Zot      | Noticed an orb of fire
  6863 | Zot      | Killed an orb of fire
  7035 | Zot      | Noticed a tentacled monstrosity
  7043 | Zot      | Killed a tentacled monstrosity
  7043 | Zot      | Reached skill level 11 in Axes
  7095 | Zot      | Reached XP level 13. HP: 78/79 MP: 17/19
  7110 | Zot      | Noticed an orb of fire
  7111 | Zot      | Gained mutation: Your magical capacity is low. (-10% MP)
                  | [an orb of fire]
  7114 | Zot      | Killed an orb of fire
  7326 | Zot      | Noticed an orb of fire
  7327 | Zot      | Gained mutation: You are resistant to hostile enchantments.
                  | (MR+) [an orb of fire]
  7330 | Zot      | Killed an orb of fire
  7335 | Zot      | Noticed an orb of fire
  7342 | Zot      | Noticed an ancient lich
  7347 | Zot      | Gained mutation: You tend to lose your temper in combat.
                  | [an orb of fire]
  7348 | Zot      | Killed an orb of fire
  7349 | Zot      | Killed an ancient lich
  7379 | Zot      | Noticed an ancient lich
  7389 | Zot      | Killed an ancient lich
  7401 | Zot      | Reached skill level 10 in Shields
  7555 | Zot      | Reached skill level 5 in Dodging
  7559 | Zot      | Reached skill level 12 in Axes
  7715 | Zot      | Noticed an ancient lich
  7721 | Zot      | Noticed an ancient lich
  7721 | Zot      | Reached ****** piety under the Shining One
  7726 | Zot      | Killed an ancient lich
  7727 | Zot      | Killed an ancient lich
  7729 | Zot      | Gained mutation: Your large and strong wings let you fly
                  | indefinitely. [Gargoyle growth]
  7729 | Zot      | Reached XP level 14. HP: 64/87 MP: 14/18
  7735 | Zot      | Reached skill level 10 in Fighting
  7736 | Zot      | Noticed a curse toe
  7756 | Zot      | Killed a curse toe
  7757 | Zot      | Noticed an ancient lich
  7759 | Zot      | Noticed an ancient lich
  7766 | Zot      | Killed an ancient lich
  7767 | Zot      | Killed an ancient lich
  7912 | Zot      | Noticed an ancient lich
  7919 | Zot      | Killed an ancient lich
  8046 | Zot      | Got the Orb of Zot
  8117 | Zot      | Escaped with the Orb!

Levels and vault maps discovered:
D:1:      minmay_arrival_checkered_box, layout_loops_ring, serial_shops, shop,
          minmay_cut_off
D:2:      layout_loops_ring, elyvilon_altar_4, minmay_temple_entry_waves,
          minmay_close_crescents
D:3:      layout_rooms, first_ration
D:4:      layout_cave_pods, led_sif_pool
D:5:      layout_loops_corners, gammafunk_ghost_smash, serial_shops,
          nicolae_shop_stone, basic_altar, minmay_misc_feat_five,
          uniq_blork_the_orc
D:6:      layout_loops_cross, kennysheep_potato, uniq_grinder, uniq_menkaure,
          uniq_duvessa
D:7:      layout_rooms, uniq_prince_ribbit1
D:8:      wander_kiku_kobolds, layout_rooms, basic_altar, uniq_gastronok
D:9:      layout_roguey, basic_altar, serial_glass, glass_columns_b,
          glass_columns_b, uniq_maggie
D:10:     evilmike_zot_entry_diamond, layout_basic, grunt_pizzeria
Temple:   compressed_dpeg_circular_temple
Zot:      layout_misc_corridors, grunt_ministairs_2

Skill      XL: |  1  2  3  4  5  6  7  8  9 10 11 12 13 14 |
---------------+-------------------------------------------+-----
Axes           | 2 3 4 5 6 7 9 10 11 12 | 12.6
Throwing       | 1 2 3 |  3.5
Shields        | 4 5 6 7 8 9 10 | 10.7
Dodging        | 1 2 4 5 |  5.8
Fighting       | 4 5 6 7 8 9 10 | 10.5
Armour         | 4 5 6 7 8 |  8.9
Invocations    | 1 3 5 6 7 8 9 |  9.6
Evocations     | 1 3 4 5 6 7 8 |  8.4
Stealth        | |  0.1

Action                   |  1- 3 |  4- 6 |  7- 9 | 10-12 | 13-15 || total
-------------------------+-------+-------+-------+-------+-------++-------
Melee: War axe           |   152 |   166 |   230 |    17 |       ||   565
       Broad axe         |       |       |       |   217 |   103 ||   320
Throw: Boomerang         |       |     1 |     6 |    14 |     6 ||    27
       Javelin           |       |       |     5 |       |       ||     5
       Throwing net      |       |       |     1 |       |       ||     1
Invok: Divine Shield     |       |       |       |       |     2 ||     2
       Cleansing Flame   |       |       |       |       |     3 ||     3
Evoke: Wand              |       |       |     2 |       |     5 ||     7
  Use: Scroll            |       |     1 |       |     7 |       ||     8
       Potion            |       |       |       |     3 |     1 ||     4
 Stab: Sleeping          |     1 |       |       |       |       ||     1
  Eat: Chunk             |     1 |     6 |     6 |     6 |     4 ||    23
       Ration            |       |       |       |     1 |       ||     1
Armor: Scale mail        |    94 |     3 |       |       |       ||    97
       Plate armour      |       |   102 |   121 |   143 |    48 ||   414
       Skin              |       |     2 |       |       |       ||     2
Dodge: Dodged            |    53 |    34 |    53 |    75 |    64 ||   279
Block: Kite shield       |    88 |   110 |   134 |   139 |    91 ||   562
